 Dungeon Crawl Stone Soup version 0.28-a0-445-g51f8dfeb47 (webtiles) character file.

Game seed: 14958557167077854425

6822 Kangaroobicon the Fighter (level 10, 0/88 HPs)
             Began as a Grey Draconian Berserker on Sept 12, 2021.
             Was a High Priest of Trog.
             Succumbed to a water moccasin's poison
             ... on level 2 of the Lair of Beasts.
             The game lasted 01:41:09 (6693 turns).

Kangaroobicon the Fighter (DrBe)                    Turns: 6693, Time: 01:41:09

Health: 0/88       AC: 16    Str: 26    XL:     10   Next: 77%
Magic:  10/10      EV: 15    Int:  8    God:    Trog [*****.]
Gold:   445        SH:  0    Dex: 13    Spells: 9/9 levels left

rFire   . . .      SeeInvis +   I - +4 trident "Miwned" {drain, SInv}
rCold   . . .      Faith    .   (no shield)
rNeg    . . .      Spirit   .   (armour unavailable)
rPois   +          Reflect  .   (helmet restricted)
rElec   .          Harm     .   M - +0 cloak {rPois}
rCorr   .          Rampage  .   (no gloves)
Will    .....                   c - +2 pair of boots
Stlth   +++.......              (no amulet)
HPRegen 0.24/turn               d - +6 ring of strength
MPRegen 0.12/turn               l - +4 ring of slaying

@: lethally poisoned (0 -> -2)
A: AC +12, amphibious, unfitting armour, cold-blooded
a: Renounce Religion, Berserk, Trog's Hand, Brothers in Arms


You were on level 2 of the Lair of Beasts.
You worshipped Trog.
Trog was extremely pleased with you.
You visited 2 branches of the dungeon, and saw 10 of its levels.
You also visited: Ossuary.

You collected 445 gold pieces.

Inventory:

Hand Weapons
 e - a +0 hunting sling
 f - a +0 vampiric trident
 j - a +2 antimagic morningstar
 B - a +2 whip of freezing
 G - a +0 arbalest
 I - the +4 trident "Miwned" (weapon) {drain, SInv}
   (You found it on level 5 of the Dungeon)

   A truly terrible weapon, it drains the life of any living foe it strikes.
   SInv:      It lets you see invisible.
 J - a +0 short sword of freezing
 L - a +3 quarterstaff of chaos
 R - a +3 trident of protection
 U - a +1 vorpal dire flail
 W - a +2 whip of draining
 X - a +5 short sword of electrocution
 Y - a +4 hand axe
Missiles
 b - 83 stones (quivered)
 h - 20 sling bullets
 i - 61 arrows
 o - 30 poisoned darts
 s - 36 bolts
 v - 2 throwing nets
 Q - 3 boomerangs
Armour
 c - a +2 pair of boots (worn)
 M - a +0 cloak of poison resistance (worn)
Magical Staves
 P - a staff of cold
Jewellery
 d - a +6 ring of strength (left hand)
 k - a ring of fire
 l - a +4 ring of slaying (right hand)
 n - a ring of protection from cold
 C - a +4 ring of protection
 F - a ring of see invisible
 T - a ring of willpower
Wands
 x - a wand of polymorph (5)
 A - a wand of iceblast (13)
 K - a wand of mindburst (12)
 O - a wand of paralysis (12)
Scrolls
 a - a scroll of summoning
 m - 3 scrolls of fog
 t - 2 scrolls of enchant armour
 u - 2 scrolls of vulnerability
 w - a scroll of brand weapon
 y - a scroll of holy word {unknown}
 H - 2 scrolls of magic mapping
Potions
 g - a potion of haste {unknown}
 p - 3 potions of mutation
 z - a potion of cancellation
 D - 2 potions of ambrosia
 E - a potion of flight
 N - a potion of berserk rage
 S - a potion of might
 V - a potion of brilliance
 Z - a potion of attraction


   Skills:
 + Level 8.2 Fighting
 + Level 7.0 Long Blades
 + Level 6.7 Maces & Flails
 + Level 7.3 Polearms
 + Level 2.7 Slings
 + Level 7.1 Dodging
 + Level 4.6 Stealth
 + Level 0.4 Evocations


You had 9 spell levels left.
You didn't know any spells.
Your spell library was empty.

Dungeon Overview and Level Annotations

Branches:
Dungeon (8/15)             Temple (0/1) D:5            Lair (1/6) D:8
Ossuary (visited)

Altars:
Elyvilon
Fedhas
Makhleb
Nemelex Xobeh
Ru
Sif Muna
Trog
Vehumet
Wu Jian
Xom


Innate Abilities, Weirdness & Mutations

Your dull iron-grey scales are very hard. (AC +12)
You are amphibious.
You cannot fit into any form of body armour.
You are cold-blooded and may be slowed by cold attacks.


Message History

The water moccasin bites you but does no damage.
You barely miss the water moccasin. You tail-slap the water moccasin.
The water moccasin is lightly wounded.
* * * LOW HITPOINT WARNING * * *
You feel very sick. The water moccasin barely misses you.
You hit the water moccasin.
You feel better.
Your tail-slap misses the water moccasin.
The water moccasin is lightly wounded.
* * * LOW HITPOINT WARNING * * *
You feel very sick. The water moccasin closely misses you.
The water moccasin bites you.
* * * LOW HITPOINT WARNING * * *
You puncture the water moccasin!
The water moccasin is heavily wounded.
* * * LOW HITPOINT WARNING * * *
You feel sick. The water moccasin closely misses you.
You feel the dreadful sensation subside.
You sense an unholy aura.
I - the +4 trident "Miwned" (weapon)
{drain, SInv} The water moccasin barely misses you.
You hit the water moccasin. You tail-slap the water moccasin!
The water moccasin is almost dead.
* * * LOW HITPOINT WARNING * * *
You feel sick.
A water moccasin comes into view.
The water moccasin bites you but does no damage.
The water moccasin hisses angrily.
You puncture the water moccasin!
You kill the water moccasin!
Trog accepts your kill.
* * * LOW HITPOINT WARNING * * *
You feel sick.
* * * LOW HITPOINT WARNING * * *
You feel sick.
* * * LOW HITPOINT WARNING * * *
You feel sick.
* * * LOW HITPOINT WARNING * * *
You feel sick.
You die...

##.. ##... #..# #.#.# #..# #
####[.# . #..# #.#P#.#.. #.
..P #........ ## #.####
#####.######.....
.P###....###..##.#P#.###..##
....$.......................
#..........@.....#..#...#..#
#..^.......##P#..#####....^#
........S..#####.# #.#.....
#................# ###.....
#........P###P#### #P.....
#........## ### #######
##.#...#..# # ........##
P.#..#####


You could see a water moccasin.

Vanquished Creatures
  Harold (D:7)
  A two-headed ogre (D:8)
  Pikel (D:4)
  A cyclops (D:6)
  A rime drake (Lair:2)
  A komodo dragon (Lair:2)
  Grinder (D:3)
  A troll (D:8)
  A wyvern (D:8)
  2 steam dragons
  Menkaure (D:7)
  Edmund (D:6)
  2 water moccasins
  An orc warrior (D:8)
  A black bear (D:5)
  6 ogres
  3 wolves (D:8)
  3 centaurs
  2 phantoms
  Blork the orc (D:6)
  An elf zombie (Ossuary)
  2 scorpions
  An electric eel (D:8)
  A howler monkey (D:5)
  3 centaur zombies
  5 hounds
  2 centaur skeletons
  2 human zombies (Ossuary)
  A gnoll shaman (D:6)
  3 orc priests
  Crazy Yiuf (D:5)
  3 bullfrog skeletons
  Jessica (D:3)
  Ijyb (D:5)
  3 iguanas
  2 scorpion zombies (D:5)
  3 orc wizards
  A hound zombie (D:5)
  4 mummies (Ossuary)
  2 hound skeletons
  Robin (D:4)
  7 gnolls
  7 adders
  4 shadow imps
  3 white imps
  2 ufetubi (D:5)
  An adder zombie (Ossuary)
  A worm (D:2)
  4 dart slugs
  14 orcs
  6 endoplasms
  4 giant cockroaches
  10 hobgoblins
  5 jackals (D:2)
  10 kobolds
  A quokka (D:4)
  7 ball pythons
  2 bats
  5 frilled lizards
  15 goblins
  A goblin zombie (Ossuary)
  3 hobgoblin zombies (Ossuary)
  2 kobold zombies (Ossuary)
  2 orc zombies (Ossuary)
  7 rats
198 creatures vanquished.

Vanquished Creatures (others)
  4 fungi
  A plant (Lair:2)
5 creatures vanquished.

Grand Total: 203 creatures vanquished

Notes
Turn   | Place    | Note
-------+----------+-------------------------------------------
     0 | D:1      | Kangaroobicon the Draconian Berserker began the quest for
                  | the Orb.
     0 | D:1      | Reached XP level 1. HP: 19/19 MP: 1/1
    97 | D:1      | Reached XP level 2. HP: 22/26 MP: 2/2
   519 | D:1      | Reached XP level 3. HP: 33/33 MP: 3/3
   936 | D:2      | Reached ** piety under Trog
  1010 | D:2      | You fall into a shaft and drop 2 floors!
  1026 | D:4      | Found a sand-covered staircase.
  1034 | Ossuary  | Entered an ossuary
  1192 | Ossuary  | Reached skill level 4 in Fighting
  1192 | Ossuary  | Reached skill level 1 in Slings
  1192 | Ossuary  | Reached XP level 4. HP: 26/40 MP: 4/4
  1285 | Ossuary  | Reached XP level 5. HP: 14/46 MP: 5/5
  1610 | D:4      | Noticed Robin
  1625 | D:4      | Killed Robin
  1625 | D:4      | HP: 2/47 [hobgoblin[Robin] (3)]
  1815 | D:4      | Reached XP level 6. HP: 49/53 MP: 6/6
  1842 | D:4      | Reached skill level 1 in Long Blades
  1905 | D:4      | Reached *** piety under Trog
  1966 | D:4      | Noticed Pikel
  1973 | D:4      | Killed Pikel
  1974 | D:4      | Reached skill level 5 in Fighting
  1974 | D:4      | Reached skill level 1 in Stealth
  1974 | D:4      | Your scales start taking on a dull iron-grey colour.
  1974 | D:4      | Reached XP level 7. HP: 37/61 MP: 7/7
  2109 | D:4      | Reached skill level 5 in Dodging
  2109 | D:4      | Reached XP level 8. HP: 52/68 MP: 8/8
  2388 | D:5      | Entered Level 5 of the Dungeon
  2415 | D:3      | Found a bloodstained altar of Trog.
  2486 | D:3      | Found an ornate altar of the Wu Jian Council.
  2491 | D:3      | Noticed a spectral centipede
  2491 | D:3      | Noticed a spectral black mamba
  2516 | D:3      | Noticed Jessica
  2521 | D:3      | Killed Jessica
  2522 | D:3      | Reached skill level 5 in Long Blades
  2529 | D:3      | Noticed Grinder
  2536 | D:3      | Paralysed by Grinder for 4 turns
  2556 | D:3      | Killed Grinder
  3464 | D:5      | Found a staircase to the Ecumenical Temple.
  3517 | D:5      | Found a shimmering altar of Xom.
  3517 | D:5      | Found a shimmering altar of Xom.
  3518 | D:5      | Found a shimmering altar of Xom.
  3519 | D:5      | Found a shimmering altar of Xom.
  3519 | D:5      | Found a shimmering altar of Xom.
  3662 | D:5      | Found a runed translucent door.
  3663 | D:5      | Noticed Crazy Yiuf
  3673 | D:5      | Killed Crazy Yiuf
  4027 | D:5      | Found a large runed translucent door.
  4027 | D:5      | Found a large runed translucent door.
  4048 | D:5      | Found a large runed translucent door.
  4048 | D:5      | Found a large runed translucent door.
  4255 | D:5      | Found a sparkling altar of Nemelex Xobeh.
  4265 | D:5      | Noticed Ijyb
  4274 | D:5      | Killed Ijyb
  4417 | D:5      | Reached skill level 1 in Polearms
  4421 | D:5      | Reached skill level 6 in Fighting
  4432 | D:5      | Identified the +4 trident "Miwned" {drain, SInv}
  4468 | D:5      | Reached **** piety under Trog
  4491 | D:5      | Reached XP level 9. HP: 63/75 MP: 9/9
  4647 | D:6      | Noticed a cyclops
  4651 | D:6      | Killed a cyclops
  4667 | D:6      | Found a radiant altar of Vehumet.
  4734 | D:6      | Noticed Edmund
  4763 | D:6      | Killed Edmund
  4796 | D:6      | Found a white marble altar of Elyvilon.
  4845 | D:6      | Reached skill level 5 in Polearms
  4957 | D:6      | Found a sacrificial altar of Ru.
  5053 | D:6      | Noticed Blork the orc
  5060 | D:6      | Found a shimmering blue altar of Sif Muna.
  5076 | D:6      | Killed Blork the orc
  5585 | D:7      | Reached skill level 7 in Fighting
  5619 | D:7      | Noticed Menkaure
  5623 | D:7      | Killed Menkaure
  5640 | D:7      | Found a blossoming altar of Fedhas.
  5690 | D:7      | Noticed Harold
  5703 | D:7      | Killed Harold
  5703 | D:7      | Reached ***** piety under Trog
  5704 | D:7      | Reached skill level 5 in Maces & Flails
  5704 | D:7      | Reached XP level 10. HP: 32/86 MP: 10/10
  6051 | D:7      | Found a burning altar of Makhleb.
  6268 | D:7      | You fall into a shaft and drop 1 floor!
  6470 | D:8      | Found a staircase to the Lair.
  6470 | D:8      | Noticed a two-headed ogre
  6490 | D:8      | Killed a two-headed ogre
  6586 | Lair:1   | Entered Level 1 of the Lair of Beasts
  6608 | Lair:1   | You fall into a shaft and drop 1 floor!
  6627 | Lair:2   | Reached skill level 8 in Fighting
  6688 | Lair:2   | HP: 4/88 [poisoned by a water moccasin]
  6692 | Lair:2   | HP: 1/88 [poisoned by a water moccasin]
  6693 | Lair:2   | Succumbed to a water moccasin's poison

Illustrated notes

Levels and vault maps discovered:
D:1:      dpeg_arrival_pond, layout_basic, lemuel_another_geyser
D:2:      layout_rooms
D:3:      layout_loops_ring, pdpol_wu_jian_five_deadly_venoms,
          lemuel_doored_altar, kennysheep_generic_room_7, uniq_grinder,
          uniq_jessica
D:4:      layout_gridville, lightli_ossuary_entry_decrepit_ruins,
          minmay_misc_feat_alley, minmay_diced_spiral, uniq_pikel, uniq_robin
D:5:      layout_basic, xom_redecorated, kennysheep_mini_moat,
          minmay_temple_entry_water_ring, minmay_hollow_rounded_squares,
          uniq_crazy_yiuf_cottage, uniq_ijyb
D:6:      layout_basic, vehumet_crystals, nicolae_ru_path_of_blood, tgw_sif,
          mainiacjoe_overflow_cross_hatched, corexii_leaking_fountain,
          minmay_misc_feat_cross, minmay_tree_intersection, uniq_edmund
D:7:      layout_rooms, general_overflow_altar, mainiacjoe_overflow_24_doors,
          uniq_menkaure, uniq_harold
D:8:      layout_basic, okawaru_metal_pillars_1_2, erik_lair_island
Lair:1:   layout_cave_pods, grunt_megastairs_3, lemuel_fruit_fields
Lair:2:   layout_loops_ring, ebering_ghost_funeral_grove

Skill      XL: |  1  2  3  4  5  6  7  8  9 10 |
---------------+-------------------------------+-----
Dodging        | 3 4 5 6 7 |  7.1
Fighting       | 4 5 6 7 8 |  8.2
Maces & Flails | 4 5 6 |  6.7
Slings         | 1 2 |  2.7
Long Blades    | 3 4 6 7 |  7.0
Stealth        | 1 3 4 |  4.6
Polearms       | 1 6 7 |  7.3
Evocations     | |  0.4

Action                   |  1- 3 |  4- 6 |  7- 9 | 10-12 || total
-------------------------+-------+-------+-------+-------++-------
Melee: Mace              |    88 |    26 |       |       ||   114
       Tailslap          |    15 |    10 |    46 |    28 ||    99
       Long sword        |       |    56 |    92 |       ||   148
       Trident           |       |       |    97 |   110 ||   207
       Whip              |       |       |    10 |       ||    10
       Dire flail        |       |       |    53 |    22 ||    75
 Fire: Hunting sling     |    30 |    19 |     5 |       ||    54
Evoke: Wand              |       |       |     2 |       ||     2
  Use: Scroll            |     3 |     4 |     8 |     5 ||    20
       Potion            |     3 |     3 |       |     9 ||    15
 Stab: Sleeping          |     2 |     1 |     7 |       ||    10
Armor: Skin              |    51 |    66 |   125 |    70 ||   312
Dodge: Dodged            |    77 |   128 |   194 |    80 ||   479

Table legend: (Time is in decaauts)
 A = Elapsed time spent in this place.
 B = Non-inter-level travel time spent in this place.
 C = Inter-level travel time spent in this place.
 D = Time resting spent in this place.
 E = Time spent auto-exploring this place.
 F = Levels seen in this place.
 G = Mean time per level.
                   A        B        C        D        E       F      G
               +--------+--------+--------+--------+--------+-----+--------+
         Total |   6768 |   6768 |      0 |    292 |    539 |  11 |  615.3 |
       Dungeon |   6177 |   6177 |      0 |    292 |    539 |   8 |  772.1 |
          Lair |    105 |    105 |      0 |      0 |      0 |   2 |   52.5 |
       Ossuary |    485 |    485 |      0 |      0 |      0 |   1 |  485.0 |
               +--------+--------+--------+--------+--------+-----+--------+

Top non-repeatable levels by time:
     D:5: 1206 daAuts
     D:4: 963 daAuts
     D:1: 876 daAuts
     D:6: 871 daAuts
     D:7: 822 daAuts
     D:3: 718 daAuts
 Ossuary: 485 daAuts
     D:2: 402 daAuts
     D:8: 316 daAuts
  Lair:2: 83 daAuts
  Lair:1: 21 daAuts
